Unix NetHack Version 5.0.0-0 post-release - last build May 23 2026 06:08:33 (1c0ff79ee797540d5714e4e18072db0edd9e58ae,branch:main).

Game began 2026-05-29 23:56:36, ended 2026-05-30 01:25:33.

ARFwashere, neutral male human Archeologist

         ------------
         |>.........|
         |...'......-#
         |..........|#    -----
         -------|----#    |...|
                #    #####....|
                #         |....#
                ##        |...|#
                 ##       |..`|#
        ----------|-      |...|#
        |..........|      -----##
        |..........|            ##dd
        |........[.|               @
        |.........<|               q
        ------------

ARFwashere the Field Worker  St:13 Dx:9 Co:15 In:15 Wi:14 Ch:10  Neutral
Dlvl:4  $:1368 HP:0(31) Pw:16(16) AC:0  Xp:4 T:3125  Burdened

Latest messages:
 You finish your prayer.
 You feel that Camaxtli is well-pleased.
 You feel much better.
 The werejackal summons help!
 A jackal suddenly appears next to you!
 The werejackal bites!
 The rothe just misses!
 The rothe misses!
 The rothe bites!
 You miss the rothe.
 The jackal misses!
 The werejackal bites!
 You hit the rothe.
 The jackal misses!
 The werejackal changes into a human.
 The werejackal misses!
 The rothe misses!
 The rothe misses!
 The rothe misses!
 You miss the rothe.
 The jackal misses!
 The werejackal misses!
 The rothe just misses!
 The rothe bites!
 The rothe bites again!
 The werejackal changes into a jackal.
 The jackal misses!
 The werejackal bites!
 The rothe hits!
 The rothe misses!
 The rothe misses!
 You hit the rothe.
 The jackal bites!
 The werejackal bites!
 The rothe misses!
 The rothe bites!
 The rothe just misses!
 What do you want to drink? [mE or ?*] m
 You suddenly fall asleep!
 The jackal bites!
 The werejackal misses!
 The rothe misses!
 The rothe bites!
 The rothe bites again!
 You die...
 Do you want your possessions identified? [ynq] (y) y
 Do you want to see your attributes? [ynq] (y) y
 Do you want an account of creatures vanquished? [ynaq] (y) n
 Do you want to see your conduct and achievements? [ynq] (y) y
 Do you want to see the dungeon overview? [ynq] (y) y

Inventory:
 Coins    ('$')
  $ - 1368 gold pieces
 Weapons  (')')
  A - a +0 dagger (at the ready)
  a - a +2 bullwhip
 Armor    ('[')
  x - an uncursed +0 orcish helm (being worn)
  o - an uncursed +1 dwarvish cloak (being worn)
  n - an uncursed +1 crystal plate mail (being worn)
 Comestibles  ('%')
  I - an uncursed slime mold
  G - 12 uncursed food rations
  H - an uncursed lembas wafer
  J - an uncursed pear
  z - an uncursed tin of boiled shrieker
  F - an uncursed tin of spinach
 Scrolls  ('?')
  s - a blessed scroll of confuse monster
  r - a blessed scroll of enchant armor
  D - an uncursed scroll of enchant armor
  C - a cursed scroll of enchant weapon
  K - a cursed scroll of magic mapping
  y - an uncursed scroll of remove curse
 Potions  ('!')
  E - an uncursed potion of healing
 Tools    ('(')
  i - an uncursed sack containing 1 item
  e - a +0 pick-axe (weapon in right hand)
  v - an uncursed skeleton key
  f - a tinning kit (0:39)
 Gems/Stones  ('*')
  q - an uncursed amethyst stone
  g - an uncursed touchstone

Contents of the sack:
  819 gold pieces

ARFwashere the Archeologist's attributes:

Background:
 You were a Field Worker, a level 4 male human Archeologist.
 You were neutral, on a mission for Camaxtli
 who was opposed by Quetzalcoatl (lawful) and Huhetotl (chaotic).
 You were right-handed.
 You were in the Dungeons of Doom, on level 4.
 You entered the dungeon 3125 turns ago.
 It was nighttime.
 You had 130 experience points, 30 more were needed to attain level 5.

Basics:
 You had 0 out of 31 hit points.
 You had all 16 energy points (spell power).
 Your armor class was 0.
 Your wallet contained 1368 zorkmids, and
 you had 819 more stashed away in your pack.
 Autopickup was on for '$' plus thrown.

Final Characteristics:
 Your strength was 13 (limit:18/100).
 Your dexterity was 9 (limit:18).
 Your constitution was 15 (limit:18).
 Your intelligence was 15 (limit:18).
 Your wisdom was 14 (limit:18).
 Your charisma was 10 (limit:18).

Final Status:
 You weren't hungry.
 You were burdened; movement was slightly slowed.
 You were wielding a pick-axe.
 You had basic skill with pick-axe.

Final Attributes:
 You were piously aligned.
 Your items were somewhat protected from fire.
 Your items were somewhat protected from cold.
 You had automatic searching.
 You were guarded.
 You are dead.

Miscellaneous:
 You didn't encounter any bones levels.
 Total elapsed playing time was 58 minutes and 21 seconds.

Major events:
 Turn
    1: ARFwashere the neutral male human Archeologist entered the dungeon
 1342: attained the rank of Field Worker (level 3)
 3125: killed by a rothe, while sleeping

You didn't know any spells.

Skills:
 Fighting Skills
   bare handed combat [Unskilled]
   two weapon combat  [Unskilled]
   riding             [Unskilled]
 Weapon Skills
   dagger             [Unskilled]
   knife              [Unskilled]
   pick-axe           [Basic]
   short sword        [Unskilled]
   saber              [Unskilled]
   club               [Unskilled]
   quarterstaff       [Unskilled]
   sling              [Unskilled]
   dart               [Unskilled]
   boomerang          [Unskilled]
   whip               [Basic]
   unicorn horn       [Unskilled]
 Spellcasting Skills
   attack spells      [Unskilled]
   healing spells     [Unskilled]
   divination spells  [Unskilled]
   matter spells      [Unskilled]

Voluntary challenges:
 Character rerolling was not enabled.
 You never genocided any monsters.
 You never polymorphed an object.
 You never changed form.
 You used no wishes.
Achievements:
 You attained the rank of Field Worker.
 You entered a shop.

 The Dungeons of Doom: levels 1 to 4
    Level 1:
       An altar.
    Level 2:
       A fountain.
    Level 3:
       A vegetarian food shop, many fountains.
    Level 4: <- You were here.
       Final resting place for
          you, killed by a rothe, while sleeping.


Vanquished creatures:
  a kobold leader
  a hill orc
  a giant bat
  2 orc zombies
  2 iguanas
  2 acid blobs
  a coyote
  2 hobbits
  a giant rat
  4 geckos
 11 jackals
  a fox
  3 goblins
  8 grid bugs
  3 lichens
  a kobold zombie
 10 newts
54 creatures vanquished.

No species were genocided or became extinct.

Game over:
                       ----------
                      /          \
                     /    REST    \
                    /      IN      \
                   /     PEACE      \
                  /                  \
                  |    ARFwashere    |
                  |     2187 Au      |
                  |   killed by a    |
                  |      rothe       |
                  |                  |
                  |                  |
                  |       2026       |
                 *|     *  *  *      | *
        _________)/\\_//(\/(/\)/\//\/|_)_______

Goodbye ARFwashere the Archeologist...

You died in The Dungeons of Doom on dungeon level 4 with 2649 points,
and 2187 pieces of gold, after 3125 moves.
You were level 4 with a maximum of 31 hit points when you died.

